 Dungeon Crawl Stone Soup version 0.31-a0-819-gf6de2f5ab6 (webtiles) character file.

Game seed: 2076273087018558631

697 qw the Skirmisher (level 7, -10/44 HPs)
             Began as a Gargoyle Hunter on Sept 23, 2023.
             Mangled by an ogre
             ... wielding a +0 giant spiked club
              (22 damage)
             ... on level 5 of the Dungeon.
             The game lasted 00:01:21 (3100 turns).

qw the Skirmisher (Gargoyle Hunter)                 Turns: 3100, Time: 00:01:21

Health: -10/44     AC: 10    Str: 15    XL:     7   Next: 65%
Magic:  7/7        EV: 11    Int:  9    God:
Gold:   144        SH:  0    Dex: 15    Spells: 6/6 levels left

rFire   . . .        Y - +1 shortbow (drain)
rCold   . . .        (shield currently unavailable)
rNeg    + . .        m - +0 ring mail
rPois   inf          (no helmet)
rElec   +            (no cloak)
rCorr   .            (no gloves)
SInv    .            (no boots)
Will    .....        (no amulet)
Stlth   +            (no ring)
HPRegen 0.27/turn    (no ring)
MPRegen 0.10/turn

%: no passive effects
@: no status effects
A: sickness immunity, AC +4, negative energy resistance 1, electricity
resistance, torment resistance 1, petrification resistance
a: no special abilities


You were on level 5 of the Dungeon.
You visited 1 branch of the dungeon, and saw 5 of its levels.

You collected 144 gold pieces.


Innate Abilities, Weirdness & Mutations

You are immune to sickness and miasma.
Your stone body is resilient. (AC +4)
You are immune to poison.
You resist negative energy. (rN+)
You are resistant to electric shocks. (rElec)
You are resistant to unholy torment.
You are immune to petrification.


   Skills:
 + Level 4.6 Fighting
 - Level 8.1 Ranged Weapons
 - Level 1.2 Armour
 - Level 1.5 Dodging
 - Level 1.1 Stealth


You had 6 spell levels left.
You didn't know any spells.
Your spell library was empty.

Inventory:

Hand Weapons
 Y - a +1 shortbow of draining (weapon)
Armour
 m - a +0 ring mail (worn)
Scrolls
 c - a scroll of poison {unknown}
 d - 2 scrolls of teleportation
 i - a scroll of identify
Potions
 a - 2 potions of brilliance {unknown}
 b - a potion of mutation
 e - a potion of might {unknown}
 g - a potion of curing
 h - a potion of haste {unknown}

Dungeon Overview and Level Annotations

Branches:
Dungeon (5/15)
 Temple: D:4-7

Altars:
Ashenzari
Dithmenos
Gozag
Uskayaw
Wu Jian
Xom


Message History

The adder bites you but does no damage.
You shoot an arrow. The arrow hits the scorpion.
You kill the scorpion!
The adder bites you. The adder completely misses you.
You shoot an arrow. The arrow misses the adder.
The adder bites you but does no damage.
You shoot an arrow. The arrow hits the adder.
You kill the adder!
You see here a scorpion corpse.
c - a scroll labelled DIUCAKHY SEVU
e - a fuming amethyst potion You open the door.
An ogre, an adder and a kobold brigand come into view.
The kobold brigand is wielding a +0 short sword and quivering poisoned darts.
The ogre shouts!
The adder hisses angrily.
The kobold brigand shouts!
A phantom comes into view.
Enter note:
3093 |||
Found retreat position at 1,0 (floor) with 0 blocking monsters and 1 monsters attacking at destination at distance 1
Enter note:
3093 |||
Found retreat position at 1,0 (floor) with 0 blocking monsters and 1 monsters attacking at destination at distance 1
3093 ||| RETREEAATING.
3095 |||
Found retreat position at 1,0 (floor) with 0 blocking monsters and 1 monsters attacking at destination at distance 1
Enter note:
3095 ||| Stepping ~*~*~tactically~*~*~ (retreating).
The ogre attacks as it pursues you! The ogre barely misses you.
You shoot an arrow. The arrow barely misses the ogre.
The ogre hits you with a +0 giant spiked club!
You shoot an arrow. The arrow barely misses the ogre.
The arrow hits the adder!
The adder is almost dead.
The ogre closely misses you.
You shoot an arrow. The arrow barely misses the ogre.
The arrow hits the adder.
You kill the adder!
You shoot an arrow.
The arrow hits the ogre but does no damage.
The ogre hits you with a +0 giant spiked club!
You shoot an arrow. The arrow hits the ogre!
You drain the ogre.
The ogre is severely wounded.
The ogre hits you with a +0 giant spiked club!!
Ouch! That really hurt!
You die...

###
#############.#
......KO@.....#
....##W##.....##
. #.. ####...##
#.W ###..# #.K
##.######## #..
+......... #..
##..###### #..
###..#.....#
#....#..##.##


You could see a kobold brigand, an ogre (drained) and a phantom.

Vanquished Creatures
  Edmund (D:4)
  A black bear (D:5)
  An ogre (D:5)
  2 scorpions (D:5)
  2 hounds
  An orc priest (D:5)
  2 orc wizards (D:5)
  8 adders
  3 worms (D:2)
  A dart slug (D:1)
  5 orcs
  5 bats
  4 endoplasms
  5 giant cockroaches
  8 goblins
  4 hobgoblins
  2 jackals (D:2)
  A quokka (D:1)
  9 ball pythons
  3 frilled lizards
  6 kobolds
  7 rats
81 creatures vanquished.

Notes
Turn   | Place    | Note
-------+----------+-------------------------------------------
     0 | D:1      | qw the Gargoyle Hunter began the quest for the Orb.
     0 | D:1      | Reached XP level 1. HP: 12/12 MP: 1/1
     0 | D:1      | 0 ||| qw: Version: 0.3-a-83-gcd0e7d8
     0 | D:1      | 0 ||| qw: Game counter: 1416
     0 | D:1      | 0 ||| qw: Melee chars always use a shield: true
     0 | D:1      | 0 ||| qw: God list: Okawaru
     0 | D:1      | 0 ||| qw: Allow faded altars: false
     0 | D:1      | 0 ||| qw: Do Orc after clearing Dungeon:15 true
     0 | D:1      | 0 ||| qw: Do second Lair branch before Depths: true
     0 | D:1      | 0 ||| qw: Lair rune preference: random
     0 | D:1      | 0 ||| qw: Goals: Normal
     0 | D:1      | 0 ||| PLANNING D:1-11
   144 | D:1      | Reached XP level 2. HP: 17/17 MP: 2/2
   373 | D:1      | 373 ||| READING scroll labelled BEMUNA UMAR.
   374 | D:1      | 374 ||| READING scroll labelled DEETSI MUOXUST.
   375 | D:1      | 375 ||| READING scroll labelled DOLUMM OMOFOXI.
   376 | D:1      | 376 ||| DRINKING 2 silvery potions.
   377 | D:1      | 377 ||| DROPPING scroll of butterflies.
   511 | D:2      | Reached XP level 3. HP: 21/21 MP: 3/3
   564 | D:2      | Reached skill level 5 in Ranged Weapons
   844 | D:2      | HP: 5/22 [worm (5)]
   845 | D:2      | 845 ||| DRINKING potion of heal wounds.
  1155 | D:2      | Reached skill level 3 in Fighting
  1320 | D:2      | 1320 ||| READING 2 scrolls labelled AMANODUSE.
  1323 | D:2      | 1323 ||| READING scroll labelled SILU FOYXUR.
  1324 | D:2      | 1324 ||| READING scroll labelled ZIBECS ANWO.
  1325 | D:2      | 1325 ||| READING scroll labelled YCEANA NIAFI.
  1347 | D:3      | Reached XP level 4. HP: 28/28 MP: 4/4
  1353 | D:3      | Found a shimmering altar of Xom.
  1354 | D:3      | Found a shimmering altar of Xom.
  1762 | D:3      | Found a broken altar of Ashenzari.
  1762 | D:3      | Found a hide-covered altar of Uskayaw.
  1792 | D:3      | Found an ornate altar of the Wu Jian Council.
  1829 | D:3      | 1829 ||| UPGRADING to +0 ring mail.
  1839 | D:3      | 1839 ||| DROPPING +0 leather armour.
  1840 | D:3      | 1840 ||| DROPPING ring of magical power.
  1841 | D:3      | 1841 ||| READING scroll labelled DIRIHEZ XEREA.
  1842 | D:3      | 1842 ||| READING 3 scrolls labelled NEKISHR YZAL.
  1843 | D:3      | 1843 ||| READING scroll labelled QORUM VEADUAZ.
  1844 | D:3      | 1844 ||| DRINKING 2 bubbling sapphire potions.
  1845 | D:3      | 1845 ||| READING 2 scrolls of identify.
  1845 | D:3      | 1845 ||| IDENTIFYING fizzy cyan potion
  1846 | D:3      | 1846 ||| DROPPING potion of degeneration.
  1847 | D:3      | 1847 ||| DROPPING 2 scrolls of summoning.
  1970 | D:4      | Reached skill level 1 in Armour
  2000 | D:4      | Noticed Edmund
  2009 | D:4      | Reached XP level 5. HP: 32/32 MP: 5/5
  2018 | D:4      | HP: 7/32 [Edmund/+1 flail of protection (5)]
  2019 | D:4      | 2019 ||| READING 3 scrolls of teleportation.
  2019 | D:4      | HP: 3/32 [Edmund/+1 flail of protection (4)]
  2020 | D:4      | 2020 ||| DRINKING potion of heal wounds.
  2120 | D:4      | Found an opulent altar of Gozag.
  2445 | D:4      | HP: 5/32 [Edmund/+1 flail of protection (5)]
  2446 | D:4      | 2446 ||| READING 2 scrolls of teleportation.
  2446 | D:4      | HP: 1/32 [Edmund/+1 flail of protection (4)]
  2450 | D:4      | Killed Edmund
  2451 | D:4      | Reached skill level 6 in Ranged Weapons
  2451 | D:4      | Reached XP level 6. HP: 3/37 MP: 6/6
  2649 | D:4      | 2649 ||| READING 3 scrolls of identify.
  2649 | D:4      | 2649 ||| IDENTIFYING ruby potion
  2650 | D:4      | 2650 ||| READING 2 scrolls of identify.
  2650 | D:4      | 2650 ||| IDENTIFYING metallic emerald potion
  2651 | D:4      | 2651 ||| DROPPING potion of invisibility.
  2652 | D:4      | 2652 ||| DROPPING potion of lignification.
  2689 | D:5      | Entered Level 5 of the Dungeon
  2705 | D:5      | Found a shadowy altar of Dithmenos.
  2895 | D:5      | Reached skill level 7 in Ranged Weapons
  2903 | D:5      | Reached XP level 7. HP: 22/43 MP: 7/7
  2921 | D:5      | 2921 ||| FLEEEEING.
  2922 | D:5      | 2922 ||| FLEEEEING.
  2923 | D:5      | 2923 ||| FLEEEEING.
  2924 | D:5      | 2924 ||| FLEEEEING.
  2929 | D:5      | 2929 ||| STAIRDANCE
  2979 | D:4      | 2979 ||| READING 2 scrolls of identify.
  2979 | D:4      | 2979 ||| IDENTIFYING dark potion
  3041 | D:5      | Reached skill level 8 in Ranged Weapons
  3093 | D:5      | 3093 ||| RETREEAATING.
  3095 | D:5      | 3095 ||| Stepping ~*~*~tactically~*~*~ (retreating).
  3100 | D:5      | Mangled by an ogre

Levels and vault maps discovered:
D:1:      scummos_arrival_forest, layout_rooms
D:2:      layout_loops_corners
D:3:      layout_rooms, xom_redecorated, marbit_many_paths,
          gammafunk_temple_overflow_elements, item_on_display_a
D:4:      layout_cave_pools, mainiacjoe_overflow_paths, serial_rivers,
          chequers_serial_rivers_large_b, chequers_serial_rivers_micro_a,
          chequers_serial_rivers_micro_e, chequers_serial_rivers_micro_d,
          chequers_serial_rivers_micro_d, chequers_serial_rivers_room_b,
          uniq_edmund
D:5:      kennysheep_six_static_rooms, layout_basic,
          grunt_dithmenos_smoke_and_mirrors, minmay_divided_ellipse

Skill      XL: |  1  2  3  4  5  6  7 |
---------------+----------------------+-----
Ranged Weapons | 5 6 7 8 |  8.1
Fighting       | 3 4 |  4.6
Armour         | 1 |  1.2
Dodging        | |  1.5
Stealth        | |  1.1

Action                     |  1- 3 |  4- 6 |  7- 9 || total
---------------------------+-------+-------+-------++-------
   Fire: Shortbow          |   124 |   147 |    38 ||   309
    Use: Scroll            |     7 |     8 |     1 ||    16
         Potion            |     2 |     2 |       ||     4
 Armour: Leather armour    |    28 |     2 |       ||    30
         Ring mail         |       |    79 |    23 ||   102
  Dodge: Dodged            |    30 |    48 |    21 ||    99

Table legend:
 A = Non-vault XP
 B = Vault XP
 C = Vault XP percentage of total XP
 D = Non-vault monster count
 E = Vault monster count
 F = Vault count percentage of total count
                 A         B        C        D         E       F
            +---------+---------+-------+---------+---------+-------
      Total |     616 |     380 |  38.2 |      76 |       5 |   6.2
            +---------+---------+-------+---------+---------+-------
        D:1 |      33 |       0 |   0.0 |      20 |       0 |   0.0
        D:2 |      40 |       0 |   0.0 |      20 |       0 |   0.0
        D:3 |      60 |       2 |   3.2 |      14 |       1 |   6.7
        D:4 |      81 |     178 |  68.7 |      10 |       1 |   9.1
        D:5 |     402 |     200 |  33.2 |      12 |       3 |  20.0
            +---------+---------+-------+---------+---------+-------
